 Dungeon Crawl Stone Soup version 0.29.1-15-g9cfb28693d (webtiles) character file.

Game seed: 1348381076146531472

48696 pokedragonboy the Devastator (level 14, -2/68 HPs)
             Began as a Deep Elf Conjurer on Mar 16, 2023.
             Was a High Priest of Sif Muna.
             Blown up by an eye of devastation (50 damage)
             ... with a bolt of energy
             ... on level 5 of the Lair of Beasts.
             The game lasted 02:01:46 (22737 turns).

pokedragonboy the Devastator (Deep Elf Conjurer)   Turns: 22737, Time: 02:01:47

Health: -2/68      AC:  8    Str:  4    XL:     14   Next: 13%
Magic:  10/35      EV: 12    Int: 29    God:    Sif Muna [*****.]
Gold:   1810       SH:  0    Dex: 13    Spells: 5/43 levels left

rFire   . . .      SeeInvis +   a - staff of conjuration
rCold   . . .      Faith    .   (no shield)
rNeg    . . .      Spirit   .   I - +1 steam dragon scales
rPois   +          Reflect  .   T - +1 hat
rElec   .          Harm     .   (no cloak)
rCorr   .          Rampage  .   G - +0 pair of gloves
Will    +++..                   (no boots)
Stlth   +++.......              p - amulet "Wuixtu" {RegenMP Will+ SInv Stlth+}
HPRegen 0.21/turn               N - ring of poison resistance
MPRegen 0.64/turn               U - ring of willpower

@: animating dead, studying Maces & Flails
A: no striking features
a: Renounce Religion, Channel Magic, Forget Spell, Divine Exegesis


You were on level 5 of the Lair of Beasts.
You worshipped Sif Muna.
Sif Muna was extremely pleased with you.
You visited 3 branches of the dungeon, and saw 16 of its levels.
You also visited: Bailey.

You collected 2154 gold pieces.
You spent 344 gold pieces at shops.

Inventory:

Hand Weapons
 b - a +2 falchion of protection
 c - a +2 mace of holy wrath
 d - a +0 scimitar of flaming
 h - the +5 mace of Hospitality {flame, rCorr Int+4}
   (You found it on level 1 of the Lair of Beasts)

   It burns those it strikes, dealing additional fire damage.
   Int:       It affects your intelligence (+4).
   rCorr:     It protects you from acid and corrosion.
Missiles
 z - 3 atropa-tipped darts
 B - 4 throwing nets
 J - 2 curare-tipped darts
Armour
 f - an orb of guile
 F - a +2 robe of positive energy
 G - a +0 pair of gloves (worn)
 I - +1 steam dragon scales (worn)
 Q - a +0 helmet
 T - a +1 hat (worn)
Magical Staves
 a - a staff of conjuration (weapon)
Jewellery
 n - a +4 ring of protection
 p - the amulet "Wuixtu" (around neck) {RegenMP Will+ SInv Stlth+}
   (You acquired it on level 9 of the Dungeon)

   [amulet of magic regeneration]

   It increases your rate of magic regeneration.
   SInv:      It lets you see invisible.
   Will:      It increases your willpower.
   Stlth:     It makes you more stealthy.
 x - a ring of fire
 M - the ring of the Ladybird {rF+ rC+ Str+4 Dex+4 Stlth-}
   (You acquired it in a bailey)

   [ring of protection from fire]

   Str:       It affects your strength (+4).
   Dex:       It affects your dexterity (+4).
   rF:        It protects you from fire.
   rC:        It protects you from cold.
   Stlth:     It makes you less stealthy.
 N - a ring of poison resistance (left hand)
 P - a ring of resist corrosion
 U - a ring of willpower (right hand)
Wands
 C - a wand of paralysis (15)
 D - a wand of roots (11)
 H - a wand of flame (62)
 O - a wand of digging (6)
Scrolls
 i - 10 scrolls of teleportation
 k - 2 scrolls of noise
 l - a scroll of immolation {unknown}
 m - a scroll of torment
 q - 4 scrolls of enchant weapon
 r - 2 scrolls of blinking
 w - 4 scrolls of fear
 y - 5 scrolls of amnesia
 K - 3 scrolls of poison
 R - a scroll of butterflies
 S - a scroll of vulnerability
Potions
 e - 3 potions of cancellation
 g - 2 potions of brilliance
 j - 3 potions of might
 o - 3 potions of invisibility
 s - a potion of flight
 t - 9 potions of curing
 u - 6 potions of ambrosia
 v - a potion of berserk rage
 A - 2 potions of magic
 E - a potion of haste
 L - 3 potions of lignification


   Skills:
 - Level 2.4 Dodging
 - Level 2.4 Stealth
 + Level 15.1 Spellcasting
 * Level 17.8 Conjurations
 - Level 9.0 Hexes
 + Level 5.9 Summonings
 - Level 7.0 Necromancy
 - Level 3.0 Translocations
 + Level 11.3 Invocations
 - Level 3.0 Evocations


You had 5 spell levels left.
You knew the following spells:

 Your Spells              Type           Power      Damage    Failure   Level
a - Magic Dart            Conj           100%       1d8       0%          1
b - Searing Ray           Conj           100%       2d8       0%          2
c - Fulminant Prism       Conj/Hex       49%        3d21      1%          4
d - Iskenderun's Mystic   Conj/Tloc      89%        2d17      1%          4
e - Animate Dead          Necr           58%        N/A       1%          4
f - Orb of Destruction    Conj           56%        9d14      1%          7
g - Dazzling Flash        Conj/Hex       100%       N/A       1%          3
h - Dispel Undead         Necr           58%        3d21      1%          4
i - Spellforged Servitor  Conj/Summ      47%        N/A       14%         7
n - Sublimation of Blood  Necr           58%        N/A       1%          2

Your spell library contained the following spells:

 Spells                   Type           Power      Damage    Failure   Level
 Apportation              Tloc           78%        N/A       1%          1
 Necrotise                Necr           100%       1d9       1%          1
 Call Imp                 Summ           54%        N/A       1%          2
 Ensorcelled Hibernation  Hex/Ice        96%        N/A       1%          2
 Static Discharge         Conj/Air       84%        3-14/arc  1%          2
 Mephitic Cloud           Conj/Pois/Air  71%        N/A       1%          3
 Summon Guardian Golem    Hex/Summ       60%        N/A       1%          3
 Vampiric Draining        Necr           58%        2d10      1%          3
 Anguish                  Hex/Necr       31%        N/A       1%          4
 Sticky Flame             Conj/Fire      84%        2d10      1%          4
 Irradiate                Conj/Tmut      42%        3d25      1%          5
 Sting                    Tmut/Pois      84%        1d7       2%          1
 Poisonous Vapours        Pois/Air       42%        N/A       3%          2
 Agony                    Necr           58%        N/A       3%          5
 Summon Ice Beast         Ice/Summ       39%        N/A       6%          4
 Frozen Ramparts          Ice            42%        1d7       7%          3
 Spider Form              Tmut/Pois      21%        N/A       7%          3
 Metabolic Englaciation   Hex/Ice        24%        N/A       10%         5
 Ice Form                 Ice/Tmut       21%        N/A       22%         4
 Olgreb's Toxic Radiance  Pois           21%        N/A       22%         4
 Petrify                  Tmut/Erth      21%        N/A       22%         4
 Alistair's Intoxication  Tmut/Pois      14%        N/A       52%         5
 Haunt                    Necr/Summ      28%        N/A       78%         7
 Statue Form              Tmut/Erth      14%        N/A       98%         6
 Infestation              Necr           29%        N/A       100%        8


Dungeon Overview and Level Annotations

Branches:
Dungeon (10/15)            Temple (1/1) D:5            Lair (5/5) D:8
  Swamp (0/4) Lair:3       Spider (0/4) Lair:2       Bailey (visited)
  Slime: Lair:4-5       Orc: D:9-12

Altars:
Ashenzari
Cheibriados
Dithmenos
Elyvilon
Fedhas
Gozag
Hepliaklqana
Kikubaaqudgha
Makhleb
Nemelex Xobeh
Okawaru
Qazlal
Ru
Sif Muna
Trog
Uskayaw
Vehumet
Wu Jian
Xom
Yredelemnul
Zin
The Shining One

Shops:
D:2 =[:?:   D:3 ?   D:7 *   D:10 *

Annotations:
Lair:1 Stash


Message History

You feel a surge of power!
You erupt in a blast of force!
The mystic blast hits the eight-headed hydra!
The eight-headed hydra is heavily wounded.
The eight-headed hydra is knocked back by the mystic blast.
The mystic blast hits the eye of devastation!
The eye of devastation is severely wounded.
The eye of devastation is knocked back by the mystic blast.
You hear an angry buzzing noise.
You hear a loud, deep croak!
Your komodo dragon zombie bites the eight-headed hydra.
Casting: Iskenderun's Mystic Blast (safe; 1% risk of failure)
Confirm with . or Enter, or press ? or * to list all spells.
You feel a surge of power!
You erupt in a blast of force!
The mystic blast hits the eight-headed hydra!!
The eight-headed hydra is almost dead.
The eight-headed hydra is knocked back by the mystic blast.
The mystic blast hits the cane toad!
The cane toad is moderately wounded.
The cane toad is knocked back by the mystic blast.
You hear a loud, deep croak!
A vampire mosquito comes into view.
A blink frog comes into view.
The blink frog blinks!
Unknown command.
Casting: Iskenderun's Mystic Blast (safe; 1% risk of failure)
Confirm with . or Enter, or press ? or * to list all spells.
You don't have enough magic to cast this spell.
Casting: Iskenderun's Mystic Blast (safe; 1% risk of failure)
Confirm with . or Enter, or press ? or * to list all spells.
You draw magical energy from your own body!
The blink frog blinks!
Casting: Sublimation of Blood (safe; 1% risk of failure)
Confirm with . or Enter, or press ? or * to list all spells.
You feel a surge of power!
You erupt in a blast of force!
The mystic blast hits the cane toad!
The cane toad is severely wounded.
The cane toad is knocked back by the mystic blast.
You hear an angry buzzing noise.
The eye of devastation gazes at you. The bolt of energy hits you!!!
Ouch! That really hurt!
You die...

.......Z....P.~
(..........~..~
P(.....<~~~~.~~
((...#......~~≈
.........Z.~~~≈
. .†.#..~D.F~~~
#.##....~~~≈≈P
# #...~F.~~~~
#.@.~G.~P≈~
#.....y~~≈~≈
#....§~P~~~§
.........F~~~
#.###.^.#.~~P~
.. ....#.~~## #
#...# ~.# #...#
###


You could see an eight-headed hydra (ally target), an eye of devastation, a cane
toad, 2 blink frogs, a vampire mosquito and a friendly komodo dragon zombie.

Vanquished Creatures
  Gastronok (Lair:2)
  Harold (D:9)
  Erica (D:9)
  3 two-headed ogres
  7 death yaks
  2 orc high priests (Bailey)
  Amaemon (Lair:3)
  A cyclops (D:7)
  Maurice (D:9)
  7 elephants
  4 black mambas
  8 cane toads
  A death yak zombie (Lair:4)
  An orange demon (Lair:3)
  2 gargoyles
  A rime drake (Lair:4)
  8 komodo dragons
  An unseen horror zombie (D:10)
  2 polar bears
  2 trolls
  Grinder (D:5)
  2 hornets
  7 dream sheep (Lair:5)
  8 blink frogs
  A jumping spider (Lair:2)
  A black mamba zombie (Lair:1)
  A shadow (D:10)
  A wraith (D:7)
  2 wyverns
  Grum (D:9)
  2 steam dragons
  Menkaure (D:7)
  2 basilisks
  54 yaks
  A redback (Lair:2)
  2 vampire mosquitoes (Lair:5)
  6 acid dragons
  4 water moccasins
  A floating eye (Lair:5)
  3 ogres
  2 elephant zombies
  17 orc warriors
  2 sky beasts (D:7)
  4 black bears
  3 ice beasts
  A blink frog zombie (Lair:1)
  13 wolves
  3 phantoms
  5 centaurs
  2 kobold brigands
  2 gnoll sergeants
  2 scorpions (D:5)
  12 bullfrogs
  3 necrophages
  A wight (D:10)
  4 yak zombies
  3 killer bees (D:10)
  9 electric eels
  2 howler monkeys
  2 bullfrog zombies
  A human zombie (D:10)
  6 centaur zombies (D:10)
  A jelly (D:6)
  5 orc priests
  4 hounds
  A black bear zombie (Lair:3)
  A gnoll bouda (D:8)
  3 iron imps (D:5)
  Natasha (thrice) (D:2)
  8 orc wizards
  A mummy (D:10)
  A howler monkey zombie (D:10)
  18 gnolls
  6 adders
  An orc zombie (D:10)
  3 shadow imps (D:7)
  2 white imps (D:7)
  4 ufetubi
  3 worms
  3 dart slugs
  52 orcs
  6 endoplasms
  2 giant cockroaches
  17 goblins
  11 hobgoblins
  4 jackals (D:3)
  18 kobolds
  4 quokkas
  5 ball pythons
  5 bats
  3 frilled lizards (D:2)
  4 rats
  4 fulminant prisms
458 creatures vanquished.

Vanquished Creatures (collateral kills)
  2 death yaks (Lair:3)
  2 elephants (Lair:2)
  2 cane toads
  A rime drake (Lair:2)
  A komodo dragon (Lair:1)
  4 blink frogs (Lair:1)
  A black mamba zombie (Lair:1)
  11 yaks
  A black bear (Lair:3)
  A blink frog zombie (Lair:1)
  2 wolves (Lair:3)
  A komodo dragon zombie (Lair:2)
  4 bullfrogs
  2 yak zombies
  An electric eel (Lair:3)
  A bullfrog zombie (Lair:5)
  A black bear zombie (Lair:3)
  An orc zombie (D:10)
39 creatures vanquished.

Vanquished Creatures (others)
  2 death yak zombies (Lair:3)
  A cane toad zombie (Lair:1)
  3 blink frog zombies (Lair:1)
  A rime drake zombie (Lair:4)
  A water moccasin zombie (Lair:1)
  8 yak zombies
  5 wolf zombies
  2 bullfrog zombies (Lair:1)
  An acid dragon zombie (D:10)
  A kobold (D:8)
  2 orc zombies (D:10)
  107 fulminant prisms
  27 fungi
  80 plants
241 creatures vanquished.

Grand Total: 738 creatures vanquished

Notes
Turn   | Place    | Note
-------+----------+-------------------------------------------
     0 | D:1      | pokedragonboy the Deep Elf Conjurer began the quest for the
                  | Orb.
     0 | D:1      | Reached XP level 1. HP: 10/10 MP: 6/6
    39 | D:1      | Found a faded altar of an unknown god.
   681 | D:1      | Reached XP level 2. HP: 15/15 MP: 4/8
   889 | D:1      | Learned a level 2 spell: Searing Ray
   993 | D:2      | Found Beposuiw's Book Boutique.
   997 | D:2      | Reached skill level 1 in Hexes
  1248 | D:2      | Found Esezoar's Jewellery Shop.
  1291 | D:2      | Found Uleneav's Armour Shop.
  1362 | D:2      | Reached skill level 1 in Translocations
  1388 | D:2      | Noticed Natasha
  1393 | D:2      | Killed Natasha
  1394 | D:2      | Reached skill level 5 in Conjurations
  1394 | D:2      | Reached XP level 3. HP: 18/19 MP: 2/10
  1495 | D:2      | Noticed Natasha
  1501 | D:2      | Killed Natasha
  1502 | D:2      | Reached XP level 4. HP: 24/24 MP: 3/11
  1507 | D:2      | Learned a level 4 spell: Fulminant Prism
  1586 | D:2      | Noticed Natasha
  1590 | D:2      | Killed Natasha
  1724 | D:2      | Learned a level 4 spell: Iskenderun's Mystic Blast
  1834 | D:2      | Found Kiym's Magic Scroll Boutique.
  1876 | D:2      | Found Conid's Book Boutique.
  2194 | D:3      | Reached XP level 5. HP: 26/28 MP: 8/13
  2248 | D:3      | Found Eryiduga's Magic Scroll Shoppe.
  2254 | D:3      | Bought a scroll of teleportation for 36 gold pieces
  2655 | D:3      | Found a glowing golden altar of the Shining One.
  3073 | D:3      | Found a hide-covered altar of Uskayaw.
  3078 | D:3      | Found a shimmering altar of Xom.
  3630 | D:4      | You fall into a shaft and drop 3 floors!
  3643 | D:7      | Noticed an ogre
  3664 | D:6      | Noticed a water moccasin
  3678 | D:6      | Noticed an ice beast
  3738 | D:5      | Entered Level 5 of the Dungeon
  3752 | D:5      | Found a staircase to the Ecumenical Temple.
  3756 | D:5      | Reached skill level 6 in Conjurations
  3756 | D:5      | Reached XP level 6. HP: 32/32 MP: 10/14
  3779 | Temple   | Entered the Ecumenical Temple
  3822 | Temple   | Became a worshipper of Sif Muna the Loreminder
  4197 | D:5      | Reached skill level 5 in Spellcasting
  4369 | D:5      | Reached skill level 1 in Invocations
  4369 | D:5      | Reached XP level 7. HP: 36/36 MP: 10/16
  4776 | D:5      | Reached skill level 7 in Conjurations
  4863 | D:5      | Noticed a troll
  5110 | D:5      | Noticed Grinder
  5430 | D:6      | Reached skill level 5 in Hexes
  5607 | D:6      | Noticed a yak
  5607 | D:6      | Noticed a yak
  5651 | D:6      | Reached XP level 8. HP: 41/41 MP: 12/19
  5752 | D:6      | Reached * piety under Sif Muna
  5753 | D:6      | Reached skill level 8 in Conjurations
  6166 | D:6      | Found a sacrificial altar of Ru.
  6217 | D:6      | Reached skill level 9 in Conjurations
  6217 | D:6      | Reached XP level 9. HP: 45/45 MP: 13/22
  6872 | D:5      | Killed a troll
  6873 | D:5      | Reached skill level 5 in Invocations
  7283 | D:5      | Found a burning altar of Makhleb.
  7296 | D:5      | Reached skill level 10 in Conjurations
  7297 | D:5      | Killed Grinder
  7583 | D:7      | Reached ** piety under Sif Muna
  8158 | D:7      | Noticed Menkaure
  8169 | D:7      | Killed Menkaure
  8170 | D:7      | Reached skill level 11 in Conjurations
  8170 | D:7      | Reached XP level 10. HP: 50/50 MP: 14/24
  8467 | D:7      | Found Woetei Xoth's General Store.
  8472 | D:7      | Noticed a two-headed ogre
  8662 | D:7      | Noticed a gargoyle
  8665 | D:7      | Killed a gargoyle
  8672 | D:7      | Killed a two-headed ogre
  8679 | D:7      | Noticed a cyclops
  8681 | D:7      | Learned a level 7 spell: Orb of Destruction
  8780 | D:7      | Killed a cyclops
  8990 | D:7      | Reached skill level 10 in Spellcasting
  9061 | D:7      | Reached skill level 12 in Conjurations
  9065 | D:7      | Reached *** piety under Sif Muna
  9351 | D:7      | Bought a book of Alchemy for 308 gold pieces
  9354 | D:7      | Learned a level 2 spell: Sublimation of Blood
  9687 | D:7      | Noticed a boulder beetle
  9861 | D:7      | Noticed a deep elf pyromancer
  9947 | D:8      | Noticed a two-headed ogre
 10347 | D:8      | Killed a two-headed ogre
 11211 | D:8      | Reached XP level 11. HP: 44/54 MP: 15/27
 11227 | D:8      | Reached skill level 1 in Necromancy
 11571 | D:8      | Found a staircase to the Lair.
 11643 | D:8      | Found a white marble altar of Elyvilon.
 11786 | D:8      | Learned a level 3 spell: Dazzling Flash
 11975 | D:9      | Noticed Erica
 11976 | D:9      | Reached skill level 13 in Conjurations
 11984 | D:9      | Killed Erica
 11984 | D:9      | Reached **** piety under Sif Muna
 12101 | D:9      | Noticed a two-headed ogre
 12134 | D:9      | Noticed Harold
 12548 | D:9      | Killed Harold
 12552 | D:9      | Noticed Grum
 12559 | D:9      | Killed a two-headed ogre
 12559 | D:9      | Killed Grum
 12561 | D:9      | Noticed Maurice
 12743 | D:9      | Killed Maurice
 13113 | D:9      | Identified a scroll of acquirement
 13113 | D:9      | Acquired the amulet "Wuixtu" {RegenMP Will+ SInv Stlth+}
 13408 | D:10     | Entered Level 10 of the Dungeon
 13477 | D:10     | Found Zin's Purification Station.
 13478 | D:10     | Found a glowing silver altar of Zin.
 13494 | D:10     | Reached skill level 14 in Conjurations
 13584 | D:10     | Found a flagged portal.
 13601 | Bailey   | Entered a bailey
 13771 | Bailey   | Reached skill level 1 in Evocations
 13844 | Bailey   | Found an iron altar of Okawaru.
 13848 | Bailey   | Noticed an orc high priest
 13855 | Bailey   | Killed an orc high priest
 13869 | Bailey   | Noticed an orc high priest
 13873 | Bailey   | Killed an orc high priest
 14509 | Bailey   | Acquired the ring of the Ladybird {rF+ rC+ Str+4 Dex+4
                  | Stlth-}
 14766 | D:10     | Reached XP level 12. HP: 59/59 MP: 26/30
 14791 | D:10     | Learned a level 4 spell: Animate Dead
 14906 | D:10     | Found an opulent altar of Gozag.
 15587 | D:10     | Found an ancient bone altar of Kikubaaqudgha.
 16195 | Lair:1   | Entered Level 1 of the Lair of Beasts
 16446 | Lair:1   | Reached skill level 15 in Conjurations
 16650 | Lair:1   | Reached skill level 5 in Necromancy
 16650 | Lair:1   | Reached skill level 10 in Invocations
 16658 | Lair:1   | Reached ***** piety under Sif Muna
 17129 | Lair:1   | Received a gift from Sif Muna
 17132 | Lair:1   | Reached skill level 1 in Summonings
 17152 | Lair:1   | Learned a level 4 spell: Dispel Undead
 17344 | Lair:1   | Reached skill level 16 in Conjurations
 17591 | Lair:1   | Identified the +5 mace of Hospitality {flame, rCorr Int+4}
 17868 | Lair:2   | Reached XP level 13. HP: 59/63 MP: 27/32
 18296 | Lair:2   | Acquired 1101 gold pieces
 18306 | Lair:2   | Learned a level 7 spell: Spellforged Servitor
 18336 | Lair:2   | Noticed Gastronok
 18351 | Lair:2   | Killed Gastronok
 18604 | Lair:2   | Found a hole to the Spider Nest.
 19035 | Lair:3   | Found a staircase to the Swamp.
 19534 | Lair:3   | Reached skill level 17 in Conjurations
 20356 | Lair:3   | Noticed Amaemon
 20368 | Lair:3   | Killed Amaemon
 20369 | Lair:3   | Reached skill level 5 in Summonings
 22171 | Lair:5   | Entered Level 5 of the Lair of Beasts
 22177 | Lair:5   | Reached XP level 14. HP: 64/68 MP: 27/34
 22183 | Lair:5   | Reached skill level 15 in Spellcasting
 22545 | Lair:5   | Received a gift from Sif Muna
 22723 | Lair:5   | Paralysed by a floating eye for 2 turns
 22737 | Lair:5   | Blown up by an eye of devastation

Illustrated notes

Levels and vault maps discovered:
D:1:      sevenhm_arrival_forest_fort_large_2, layout_basic,
          shapermc_ecumenical_altar_venn, patterned_corridor
D:2:      layout_rooms, serial_shops, nicolae_shop_hallway_plus,
          nicolae_shop_hallway_plus,
          nicolae_shop_temple_entry_statues_fountains, nicolae_shop_stone, shop,
          uniq_natasha
D:3:      layout_loops_ring, lemuel_round_altar, minitemple, serial_shops,
          nicolae_shop_statue_plus, minmay_tree_intersection,
          minmay_randomly_rotated_circles
D:4:      layout_cave_pools
D:5:      layout_rooms, demons_altar, minmay_temple_entry_slanted, minmay_puff,
          uniq_grinder
D:6:      layout_layer_cave, nicolae_ru_awakened_eye
D:7:      nzn_winding_woodlands_three_and_one [nzn_winding_woodlands_5x15_pool,
          nzn_winding_woodlands_5x15_zeroes, nzn_winding_woodlands_5x15_crooked,
          nzn_winding_woodlands_center_pierced_h], layout_basic, serial_shops,
          shop, uniq_menkaure
D:8:      layout_rooms, mainiacjoe_overflow_alcove_2, erik_lair_dragon
D:9:      layout_cave_pools, uniq_erica, uniq_maurice, uniq_grum, uniq_harold
D:10:     layout_irregular_city, lemuel_doored_altar,
          lemuel_mausoleum_altar_kikubaaqudgha, zin_purify, enter_bailey_7
Temple:   nicolae_temple_ecumenical_triangle
Lair:1:   layout_regular_city, grunt_megastairs_5
Lair:2:   layout_chaotic_city, spider_nest_entry_a,
          nicolae_quartered_pool_impasse, fungi_pond_lemuel, grunt_megastairs_3,
          infiniplex_staircase_pool_2, serial_bayou_shore_a, uniq_gastronok
Lair:3:   layout_roguey, swamp_mist, st_stairs_6, gammafunk_lair_bear_cave,
          uniq_amaemon
Lair:4:   layout_layer_cave
Lair:5:   minmay_lair_end_frog_pond, layout_long_grid, minmay_slime_entry_eyes,
          lemuel_fruit_tree, infiniplex_staircase_pool

Skill      XL: |  1  2  3  4  5  6  7  8  9 10 11 12 13 14 |
---------------+-------------------------------------------+-----
Hexes          | 1 2 3 4 5 6 8 9 |  9.0
Translocations | 1 2 3 |  3.0
Conjurations   | 5 6 7 9 11 12 14 16 17 | 17.8
Spellcasting   | 4 5 6 7 8 10 12 13 14 15 | 15.1
Invocations    | 1 2 4 6 7 9 10 11 | 11.3
Necromancy     | 3 6 7 |  7.0
Evocations     | 2 3 |  3.0
Summonings     | 2 5 |  5.9
Dodging        | |  2.4
Stealth        | |  2.4

Action                   |  1- 3 |  4- 6 |  7- 9 | 10-12 | 13-15 || total
-------------------------+-------+-------+-------+-------+-------++-------
Melee: Unarmed           |       |     1 |       |       |       ||     1
       Staff             |       |       |       |     4 |    13 ||    17
 Cast: Magic Dart        |    34 |    76 |    82 |   135 |    18 ||   345
       Searing Ray       |     4 |    23 |    37 |   100 |    39 ||   203
       Iskenderun's Myst |       |       |    11 |    88 |    62 ||   161
       Fulminant Prism   |       |       |    14 |    72 |    25 ||   111
       Sublimation of Bl |       |       |       |     6 |     5 ||    11
       Orb of Destructio |       |       |       |     1 |    12 ||    13
       Dazzling Flash    |       |       |       |     1 |       ||     1
       Animate Dead      |       |       |       |     7 |    13 ||    20
       Dispel Undead     |       |       |       |       |     2 ||     2
Invok: Channel Magic     |       |       |       |     3 |     2 ||     5
  Use: Scroll            |     1 |     5 |     4 |    17 |     3 ||    30
       Potion            |       |       |     1 |     2 |     1 ||     4
Armor: Robe              |       |     3 |     9 |     1 |       ||    13
       Steam dragon scal |       |       |       |    30 |    18 ||    48
Dodge: Dodged            |     2 |     8 |    16 |    78 |    52 ||   156
